[Event "GambitGuide"]
[Site "Internet Chess Club"]
[Date "2014.10.31"]
[Round "1"]
[White "JSBach"]
[Black "Suarezynwa"]
[Result "1-0"]
[ICCResult "Black resigns"]
[WhiteElo "1653"]
[BlackElo "1493"]
[Opening "Vienna: `Frankenstein-Dracula' variation"]
[ECO "C27"]
[NIC "VG.02"]
[Time "06:15:40"]
[TimeControl "120+12"]

1. e4 e5 2. Nc3 Nf6 3. Bc4 Nxe4 4. Qh5 Nd6 5. Bb3 Nc6 6. Nb5 g6 7. Qf3 f5 8.
Qd5 Qe7 9. Nxc7+ Kd8 10. Nxa8 b6 11. d3 Nb4 12. Bg5 Nxd5 13. Bxe7+ Nxe7 14.
d4 e4 15. c4 Bb7 16. c5 Nb5 17. Bc4 a6 18. Bxb5 axb5 19. Nxb6 Nc6 20. d5 Nd4
21. Rc1 Kc7 22. b4 Bg7 23. a4 Nb3 24. d6+ Kd8 25. Rc2 Nd4 26. Ra2 Nc6 27.
axb5 Nxb4 28. Ra7 Bc3+ 29. Kd1 Ke8 30. Rxb7 Kf7 31. c6 Ke6 32. Rxd7 Bf6 33.
Ne2 Nd3 34. Rf1 Rb8 35. c7 {Black resigns} 1-0

[Event "GambitGuide"]
[Site "Internet Chess Club"]
[Date "2014.10.31"]
[Round "1"]
[White "JSBach"]
[Black "MichaelAngelo"]
[Result "1-0"]
[ICCResult "Black resigns"]
[WhiteElo "1666"]
[BlackElo "1516"]
[Opening "Vienna: `Frankenstein-Dracula' variation"]
[ECO "C27"]
[NIC "VG.02"]
[Time "06:17:29"]
[TimeControl "120+12"]

1. e4 e5 2. Nc3 Nf6 3. Bc4 Nxe4 4. Qh5 Nd6 5. Bb3 Nc6 6. Nb5 g6 7. Qf3 f5 8.
Qd5 Qe7 9. Nxc7+ Kd8 10. Nxa8 b6 11. d3 Bb7 12. Nxb6 axb6 13. Qf3 Kc7 14.
Bd2 Nd4 15. Qg3 e4 16. Bg5 Qe8 17. Kf1 Be7 18. Bxe7 Qxe7 19. dxe4 Qxe4 20.
Re1 Qc6 21. c4 Nxb3 22. axb3 Kc8 23. Nf3 Ne4 24. Qe5 d6 25. Qxh8+
{Black resigns}
1-0

[Event "GambitGuide"]
[Site "Internet Chess Club"]
[Date "2014.10.31"]
[Round "1"]
[White "JSBach"]
[Black "Submundo"]
[Result "1-0"]
[ICCResult "Black resigns"]
[WhiteElo "1660"]
[BlackElo "1557"]
[Opening "Vienna: `Frankenstein-Dracula' variation"]
[ECO "C27"]
[NIC "VG.02"]
[Time "06:21:14"]
[TimeControl "120+12"]

1. e4 e5 2. Nc3 Nf6 3. Bc4 Nxe4 4. Qh5 Nd6 5. Bb3 Nc6 6. Nb5 g6 7. Qf3 f5 8.
Qd5 Qe7 9. Nxc7+ Kd8 10. Nxa8 b6 11. d3 Bb7 12. Nxb6 axb6 13. Qf3 h6 14. Qg3
Qf6 15. Nf3 Bg7 16. Be3 Nd4 17. Nxd4 exd4 18. Bf4 Re8+ 19. Kf1 Nb5 20. a4 g5
21. Bxg5 hxg5 22. Qb8+ Ke7 23. Qxb7 {Black resigns} 1-0

[Event "GambitGuide"]
[Site "Internet Chess Club"]
[Date "2014.10.31"]
[Round "1"]
[White "JSBach"]
[Black "Chesscat9"]
[Result "1-0"]
[ICCResult "Black resigns"]
[WhiteElo "1660"]
[BlackElo "1262"]
[Opening "Vienna: `Frankenstein-Dracula' variation"]
[ECO "C27"]
[NIC "VG.02"]
[Time "06:23:00"]
[TimeControl "120+12"]

1. e4 e5 2. Nc3 Nf6 3. Bc4 Nxe4 4. Qh5 Nd6 5. Bb3 Nc6 6. Nb5 g6 7. Qf3 f5 8.
Qd5 Qe7 9. Nxc7+ Kd8 10. Nxa8 b6 11. d3 Bb7 12. Nxb6 axb6 13. Qf3 Nd4 14.
Qg3 e4 15. Bg5 Qxg5 16. Qxg5+ Be7 17. Qe3 {Black resigns} 1-0

[Event "GambitGuide"]
[Site "Internet Chess Club"]
[Date "2014.10.31"]
[Round "1"]
[White "JSBach"]
[Black "Submundo"]
[Result "1-0"]
[ICCResult "Black resigns"]
[WhiteElo "1658"]
[BlackElo "1557"]
[Opening "Vienna: `Frankenstein-Dracula' variation"]
[ECO "C27"]
[NIC "VG.02"]
[Time "06:24:27"]
[TimeControl "120+12"]

1. e4 e5 2. Nc3 Nf6 3. Bc4 Nxe4 4. Qh5 Nd6 5. Bb3 Nc6 6. Nb5 g6 7. Qf3 f5 8.
Qd5 Qe7 9. Nxc7+ Kd8 10. Nxa8 b6 11. d3 Bb7 12. Nxb6 axb6 13. Qf3 h5 14. Qg3
Qf6 15. Bg5 {Black resigns} 1-0

[Event "GambitGuide"]
[Site "Internet Chess Club"]
[Date "2014.10.31"]
[Round "1"]
[White "JSBach"]
[Black "Submundo"]
[Result "1-0"]
[ICCResult "Black resigns"]
[WhiteElo "1668"]
[BlackElo "1557"]
[Opening "Vienna: `Frankenstein-Dracula' variation"]
[ECO "C27"]
[NIC "VG.02"]
[Time "06:25:00"]
[TimeControl "120+12"]

1. e4 e5 2. Nc3 Nf6 3. Bc4 Nxe4 4. Qh5 Nd6 5. Bb3 Nc6 6. Nb5 g6 7. Qf3 f5 8.
Qd5 Qe7 9. Nxc7+ Kd8 10. Nxa8 b6 11. d3 Bb7 12. Nxb6 axb6 13. Qf3 Kc7 14.
Be3 h5 15. Bd5 Bh6 16. c3 Bxe3 17. Qxe3 f4 18. Qf3 g5 19. O-O-O g4 20. Qe2
Ra8 21. Re1 Nf7 22. d4 e4 23. Qxe4 Qxe4 24. Rxe4 Na5 25. Bxb7 Nxb7 26. Rxf4
Nfd6 27. a3 Re8 28. h3 Nc4 29. hxg4 Re1+ 30. Kc2 hxg4 31. Rxg4 Nbd6 32. g3
Rf1 33. Rf4 b5 34. g4 Kc6 35. g5 {Black resigns} 1-0

[Event "GambitGuide"]
[Site "Internet Chess Club"]
[Date "2014.10.31"]
[Round "1"]
[White "JSBach"]
[Black "Submundo"]
[Result "1-0"]
[ICCResult "Black resigns"]
[WhiteElo "1668"]
[BlackElo "1557"]
[Opening "Vienna: `Frankenstein-Dracula' variation"]
[ECO "C27"]
[NIC "VG.02"]
[Time "06:28:00"]
[TimeControl "120+12"]

1. e4 e5 2. Nc3 Nf6 3. Bc4 Nxe4 4. Qh5 Nd6 5. Bb3 Nc6 6. Nb5 g6 7. Qf3 f5 8.
Qd5 Qe7 9. Nxc7+ Kd8 10. Nxa8 b6 11. d3 Nd4 12. f4 Bb7 13. Qxe5 Bxg2 14. Be3
Nxb3 15. axb3 Bg7 16. Qxe7+ Kxe7 17. Rxa7 Bxh1 18. Nxb6 Re8 19. Rxd7+ Kf8
20. Kf2 Nf7 21. Bc5+ Kg8 22. c3 g5 23. fxg5 Ne5 24. Rd6 Ng4+ 25. Kf1 Nxh2+
26. Kf2 Be5 27. Rd7 Ng4+ 28. Kf1 Bg3 29. Re7 Rxe7 30. Bxe7 Ne3+ 31. Ke2 f4
32. Bc5 Nf5 33. Nf3 Kg7 34. Nd7 Kg6 35. Nde5+ Kh5 36. b4 Bh4 37. Nxh4 Nxh4
38. Kd2 Kxg5 39. Kc2 f3 40. b5 Kf4 41. b6 f2 42. Bxf2 Kxe5 43. d4+ Kd5 44.
b7 {Black resigns} 1-0

[Event "GambitGuide"]
[Site "Internet Chess Club"]
[Date "2014.10.31"]
[Round "1"]
[White "JSBach"]
[Black "Kamberi"]
[Result "0-1"]
[ICCResult "White checkmated"]
[WhiteElo "1668"]
[BlackElo "1596"]
[Opening "Vienna: `Frankenstein-Dracula' variation"]
[ECO "C27"]
[NIC "VG.02"]
[Time "06:29:42"]
[TimeControl "120+12"]

1. e4 e5 2. Nc3 Nf6 3. Bc4 Nxe4 4. Qh5 Nd6 5. Bb3 Nc6 6. Nb5 g6 7. Qf3 f5 8.
Qd5 Qe7 9. Nxc7+ Kd8 10. Nxa8 b6 11. d3 Bb7 12. Nxb6 axb6 13. Qf3 Nd4 14.
Qg3 f4 15. Qg4 Bh6 16. Ba4 Rf8 17. c3 Ne6 18. Nf3 Nc5 19. Bc2 e4 20. dxe4
Bxe4 21. Bxe4 Qxe4+ 22. Kd1 Re8 23. Nd4 Qd3+ 24. Bd2 Nc4 25. Nf3 Qe2+ 26.
Kc2 Nxd2 27. Rae1 Qd3+ 28. Kc1 Ndb3+ 29. axb3 Nxb3# {White checkmated} 0-1

[Event "GambitGuide"]
[Site "Internet Chess Club"]
[Date "2014.10.31"]
[Round "1"]
[White "JSBach"]
[Black "PaddinTon"]
[Result "1-0"]
[ICCResult "Black resigns"]
[WhiteElo "1668"]
[BlackElo "1776"]
[Opening "Vienna: `Frankenstein-Dracula' variation"]
[ECO "C27"]
[NIC "VG.02"]
[Time "06:34:18"]
[TimeControl "120+12"]

1. e4 e5 2. Nc3 Nf6 3. Bc4 Nxe4 4. Qh5 Nd6 5. Bb3 Nc6 6. Nb5 g6 7. Qf3 f5 8.
Qd5 Qe7 9. Nxc7+ Kd8 10. Nxa8 b6 11. d3 Bg7 12. Ba4 Re8 13. Bxc6 dxc6 14.
Qb3 Bb7 15. Nxb6 axb6 16. Qxb6+ Qc7 17. Bg5+ Kc8 18. Qa7 e4 19. O-O-O exd3
20. Rxd3 Nb5 21. Qc5 Qe5 22. Qxe5 Rxe5 23. Rd8+ Kc7 24. Rg8 Re1+ 25. Kd2 Re7
26. Bxe7 Bh6+ 27. Kd3 Kb6 28. a4 Nc7 29. Bd6 Nd5 30. g3 Nb4+ 31. Bxb4 c5 32.
Bxc5+ {Black resigns} 1-0

[Event "GambitGuide"]
[Site "Internet Chess Club"]
[Date "2014.10.31"]
[Round "1"]
[White "JSBach"]
[Black "nadalthegreat"]
[Result "1-0"]
[ICCResult "Black resigns"]
[WhiteElo "1668"]
[BlackElo "1713"]
[Opening "Vienna: `Frankenstein-Dracula' variation"]
[ECO "C27"]
[NIC "VG.02"]
[Time "06:36:44"]
[TimeControl "120+12"]

1. e4 e5 2. Nc3 Nf6 3. Bc4 Nxe4 4. Qh5 Nd6 5. Bb3 Nc6 6. Nb5 g6 7. Qf3 f5 8.
Qd5 Qe7 9. Nxc7+ Kd8 10. Nxa8 b6 11. d3 {Black resigns} 1-0

[Event "GambitGuide"]
[Site "Internet Chess Club"]
[Date "2014.10.31"]
[Round "1"]
[White "JSBach"]
[Black "nadalthegreat"]
[Result "1-0"]
[ICCResult "Black checkmated"]
[WhiteElo "1668"]
[BlackElo "1713"]
[Opening "Vienna: `Frankenstein-Dracula' variation"]
[ECO "C27"]
[NIC "VG.02"]
[Time "06:37:13"]
[TimeControl "120+12"]

1. e4 e5 2. Nc3 Nf6 3. Bc4 Nxe4 4. Qh5 Nd6 5. Bb3 Nc6 6. Nb5 g6 7. Qf3 f5 8.
Qd5 Qe7 9. Nxc7+ Kd8 10. Nxa8 b6 11. d3 Bb7 12. Nxb6 axb6 13. Qf3 e4 14.
dxe4 fxe4 15. Qe3 Kc7 16. c4 Nf5 17. Qg5 Qb4+ 18. Bd2 Qd6 19. Bf4 Ne5 20.
Rd1 Qb4+ 21. Kf1 d6 22. Bxe5 dxe5 23. Qd8+ Kc6 24. Qd7+ Kc5 25. Qc7+ Bc6 26.
Rd5# {Black checkmated} 1-0

[Event "GambitGuide"]
[Site "Internet Chess Club"]
[Date "2014.10.31"]
[Round "1"]
[White "JSBach"]
[Black "Submundo"]
[Result "1-0"]
[ICCResult "Black resigns"]
[WhiteElo "1668"]
[BlackElo "1557"]
[Opening "Vienna: `Frankenstein-Dracula' variation"]
[ECO "C27"]
[NIC "VG.02"]
[Time "06:34:11"]
[TimeControl "120+12"]

1. e4 e5 2. Nc3 Nf6 3. Bc4 Nxe4 4. Qh5 Nd6 5. Bb3 Nc6 6. Nb5 g6 7. Qf3 f5 8.
Qd5 Qe7 9. Nxc7+ Kd8 10. Nxa8 b6 11. d3 Nb4 12. Qf3 Bb7 13. Qh3 e4 14. Nxb6
axb6 15. d4 Bg7 16. Bd2 e3 17. fxe3 Ne4 18. Bxb4 Qxb4+ 19. c3 Nxc3 20. Qh4+
Ke8 21. Kf1 Ne4 22. Nf3 Ba6+ 23. Kg1 Nd2 24. Qe1 Nxf3+ 25. gxf3 Qe7 26. Qd2
Bh6 27. Re1 Rf8 28. Qf2 Bg5 29. h4 Bf6 30. e4 Qb4 31. exf5+ Kd8 32. fxg6
Bxd4 33. Re3 Rg8 34. Bxg8 {Black resigns} 1-0

[Event "GambitGuide"]
[Site "Internet Chess Club"]
[Date "2014.10.31"]
[Round "1"]
[White "JSBach"]
[Black "nadalthegreat"]
[Result "1-0"]
[ICCResult "Black resigns"]
[WhiteElo "1668"]
[BlackElo "1713"]
[Opening "Vienna: `Frankenstein-Dracula' variation"]
[ECO "C27"]
[NIC "VG.02"]
[Time "06:38:04"]
[TimeControl "120+12"]

1. e4 e5 2. Nc3 Nf6 3. Bc4 Nxe4 4. Qh5 Nd6 5. Bb3 Nc6 6. Nb5 g6 7. Qf3 f5 8.
Qd5 Qe7 9. Nxc7+ Kd8 10. Nxa8 b6 11. d3 Bb7 12. Nxb6 axb6 13. Qf3 Bg7 14.
Be3 Kc7 15. Bd5 e4 16. Qe2 Bxb2 17. Rb1 Bc3+ 18. Kf1 b5 19. a4 exd3 20. cxd3
b4 21. Rc1 Na5 22. Bb6+ Kb8 23. Qxe7 {Black resigns} 1-0

[Event "GambitGuide"]
[Site "Internet Chess Club"]
[Date "2014.10.31"]
[Round "1"]
[White "JSBach"]
[Black "promptcorner"]
[Result "1-0"]
[ICCResult "Black resigns"]
[WhiteElo "1668"]
[BlackElo "1669"]
[Opening "Vienna: `Frankenstein-Dracula' variation"]
[ECO "C27"]
[NIC "VG.02"]
[Time "06:36:42"]
[TimeControl "120+12"]

1. e4 e5 2. Nc3 Nf6 3. Bc4 Nxe4 4. Qh5 Nd6 5. Bb3 Nc6 6. Nb5 g6 7. Qf3 f5 8.
Qd5 Qe7 9. Nxc7+ Kd8 10. Nxa8 b6 11. d3 Bb7 12. Nxb6 axb6 13. Qf3 e4 14.
dxe4 Nxe4 15. Be3 Kc7 16. Rd1 Bg7 17. c3 Re8 18. Bd5 Ne5 19. Qf4 Bf6 20. Nf3
d6 21. O-O Bc8 22. Bxe4 fxe4 23. Qxe4 Bb7 24. Qb4 {Black resigns} 1-0

[Event "GambitGuide"]
[Site "Internet Chess Club"]
[Date "2014.10.31"]
[Round "1"]
[White "JSBach"]
[Black "nadalthegreat"]
[Result "1-0"]
[ICCResult "Black checkmated"]
[WhiteElo "1668"]
[BlackElo "1713"]
[Opening "Vienna: `Frankenstein-Dracula' variation"]
[ECO "C27"]
[NIC "VG.02"]
[Time "06:38:50"]
[TimeControl "120+12"]

1. e4 e5 2. Nc3 Nf6 3. Bc4 Nxe4 4. Qh5 Nd6 5. Bb3 Nc6 6. Nb5 g6 7. Qf3 f5 8.
Qd5 Qe7 9. Nxc7+ Kd8 10. Nxa8 b6 11. d3 Bb7 12. Nxb6 axb6 13. Qf3 Nd4 14.
Qh3 e4 15. Be3 exd3 16. O-O-O Ne2+ 17. Nxe2 dxe2 18. Rde1 Qe4 19. Rxe2 Qxg2
20. Bxb6+ Kc8 21. Qxg2 Bxg2 22. Rhe1 Bf3 23. Bd4 Bxe2 24. Bxh8 Bb5 25. a4
Bc6 26. Bc3 Be4 27. a5 Bb7 28. Kb1 Ba6 29. Bd5 Bb5 30. b4 Ba6 31. Bf6 Bb5
32. Be7 Bxe7 33. Rxe7 f4 34. Rxh7 Nf5 35. c4 Ba4 36. a6 Nd4 37. a7 Bc2+ 38.
Kb2 Bb3 39. a8=Q+ Kc7 40. Qa7+ Kd6 41. Qb8# {Black checkmated} 1-0

[Event "GambitGuide"]
[Site "Internet Chess Club"]
[Date "2014.10.31"]
[Round "1"]
[White "JSBach"]
[Black "alant4"]
[Result "1/2-1/2"]
[ICCResult "Game drawn by repetition"]
[WhiteElo "1668"]
[BlackElo "1294"]
[Opening "Vienna: `Frankenstein-Dracula' variation"]
[ECO "C27"]
[NIC "VG.02"]
[Time "06:37:14"]
[TimeControl "120+12"]

1. e4 e5 2. Nc3 Nf6 3. Bc4 Nxe4 4. Qh5 Nd6 5. Bb3 Nc6 6. Nb5 g6 7. Qf3 f5 8.
Qd5 Qe7 9. Nxc7+ Kd8 10. Nxa8 b6 11. d3 Nb4 12. Bg5 Qxg5 13. Qxe5 Nxc2+ 14.
Bxc2 Nf7 15. Qc7+ Ke8 16. Qxc8+ Qd8 17. Nc7+ Ke7 18. Nd5+ Ke8 19. Nf6+ Ke7
20. Nd5+ Ke8 21. Nf6+ Ke7 22. Nd5+ Ke8 23. Nf6+ Ke7 24. Nd5+
{Game drawn by repetition}
1/2-1/2

[Event "GambitGuide"]
[Site "Internet Chess Club"]
[Date "2014.10.31"]
[Round "1"]
[White "JSBach"]
[Black "promptcorner"]
[Result "1-0"]
[ICCResult "Black resigns"]
[WhiteElo "1668"]
[BlackElo "1669"]
[Opening "Vienna: `Frankenstein-Dracula' variation"]
[ECO "C27"]
[NIC "VG.02"]
[Time "06:38:51"]
[TimeControl "120+12"]

1. e4 e5 2. Nc3 Nf6 3. Bc4 Nxe4 4. Qh5 Nd6 5. Bb3 Nc6 6. Nb5 g6 7. Qf3 f5 8.
Qd5 Qe7 9. Nxc7+ Kd8 10. Nxa8 b6 11. d3 Nd4 12. f4 Bb7 13. Qxe5 Qxe5+ 14.
fxe5 Bxg2 15. Bg5+ Kc8 16. Bf6 N6b5 17. Bxh8 Bxh1 18. a4 Nxb3 19. cxb3 Nd4
20. Rc1+ Kb8 21. Rc4 Nxb3 22. Nc7 Bc5 23. Na6+ Kb7 24. Nxc5+ Nxc5 25. Ke2
{Black resigns}
1-0

[Event "GambitGuide"]
[Site "Internet Chess Club"]
[Date "2014.10.31"]
[Round "1"]
[White "JSBach"]
[Black "Vendetta"]
[Result "1-0"]
[ICCResult "Black resigns"]
[WhiteElo "1668"]
[BlackElo "1963"]
[Opening "Vienna: `Frankenstein-Dracula' variation"]
[ECO "C27"]
[NIC "VG.02"]
[Time "06:39:37"]
[TimeControl "120+12"]

1. e4 e5 2. Nc3 Nf6 3. Bc4 Nxe4 4. Qh5 Nd6 5. Bb3 Nc6 6. Nb5 g6 7. Qf3 f5 8.
Qd5 Qe7 9. Nxc7+ Kd8 10. Nxa8 b6 11. d3 Bb7 12. Nxb6 axb6 13. Qf3 Bg7 14.
Be3 Kc8 15. Bxb6 {Black resigns} 1-0

[Event "GambitGuide"]
[Site "Internet Chess Club"]
[Date "2014.10.31"]
[Round "1"]
[White "JSBach"]
[Black "promptcorner"]
[Result "1-0"]
[ICCResult "Black resigns"]
[WhiteElo "1668"]
[BlackElo "1669"]
[Opening "Vienna: `Frankenstein-Dracula' variation"]
[ECO "C27"]
[NIC "VG.02"]
[Time "06:40:21"]
[TimeControl "120+12"]

1. e4 e5 2. Nc3 Nf6 3. Bc4 Nxe4 4. Qh5 Nd6 5. Bb3 Nc6 6. Nb5 g6 7. Qf3 f5 8.
Qd5 Qe7 9. Nxc7+ Kd8 10. Nxa8 b6 11. d3 Bb7 12. Nxb6 axb6 13. Qf3 Nd4 14.
Qg3 e4 15. Bg5 {Black resigns} 1-0

[Event "GambitGuide"]
[Site "Internet Chess Club"]
[Date "2014.10.31"]
[Round "1"]
[White "JSBach"]
[Black "nadalthegreat"]
[Result "1-0"]
[ICCResult "Black resigns"]
[WhiteElo "1668"]
[BlackElo "1713"]
[Opening "Vienna: `Frankenstein-Dracula' variation"]
[ECO "C27"]
[NIC "VG.02"]
[Time "06:41:09"]
[TimeControl "120+12"]

1. e4 e5 2. Nc3 Nf6 3. Bc4 Nxe4 4. Qh5 Nd6 5. Bb3 Nc6 6. Nb5 g6 7. Qf3 f5 8.
Qd5 Qe7 9. Nxc7+ Kd8 10. Nxa8 b6 11. d3 Bg7 12. Nh3 Re8 13. Bg5 Bf6 14. O-O
Bxg5 15. Nxg5 Qxg5 16. Qxd6 Bb7 17. Qc7+ Ke7 18. Qxb7 {Black resigns} 1-0

[Event "GambitGuide"]
[Site "Internet Chess Club"]
[Date "2014.10.31"]
[Round "1"]
[White "JSBach"]
[Black "Blitzki"]
[Result "1/2-1/2"]
[ICCResult "Game drawn by repetition"]
[WhiteElo "1668"]
[BlackElo "2063"]
[Opening "Vienna: `Frankenstein-Dracula' variation"]
[ECO "C27"]
[NIC "VG.02"]
[Time "06:39:03"]
[TimeControl "120+12"]

1. e4 e5 2. Nc3 Nf6 3. Bc4 Nxe4 4. Qh5 Nd6 5. Bb3 Nc6 6. Nb5 g6 7. Qf3 f5 8.
Qd5 Qe7 9. Nxc7+ Kd8 10. Nxa8 b6 11. d3 Bb7 12. Nxb6 axb6 13. Qf3 Bg7 14.
Be3 Kc7 15. Bd5 e4 16. Qf4 Bxb2 17. Rb1 Bc3+ 18. Kf1 Be5 19. Bxb6+ Kc8 20.
Qe3 f4 21. Qh3 exd3 22. cxd3 Ba6 23. Bxc6 Bxd3+ 24. Qxd3 dxc6 25. Qc2 Qd7
26. Qc5 Bf6 27. Qc1 g5 28. Qc5 Re8 29. Nh3 h6 30. a3 Re5 31. Qb4 Rb5 32. Qe1
Rxb1 33. Qxb1 Nc4 34. Ke1 Qd2+ 35. Kf1 Qc3 36. Ke2 Qd2+ 37. Kf1 Qc3 38. Ke2
Qd2+ 39. Kf1 Qc3 40. Ke2 Qd2+ 41. Kf1 Qc3 42. Ke2 Qd2+ 43. Kf1 Qc3 44. Ke2
Qd2+ 45. Kf1 Qc3 46. Ke2 Qd2+ 47. Kf1 {Game drawn by repetition} 1/2-1/2

[Event "GambitGuide"]
[Site "Internet Chess Club"]
[Date "2014.10.31"]
[Round "1"]
[White "JSBach"]
[Black "leonardoalmeida"]
[Result "1-0"]
[ICCResult "Black resigns"]
[WhiteElo "1668"]
[BlackElo "1788"]
[Opening "Vienna: `Frankenstein-Dracula' variation"]
[ECO "C27"]
[NIC "VG.02"]
[Time "06:37:49"]
[TimeControl "120+12"]

1. e4 e5 2. Nc3 Nf6 3. Bc4 Nxe4 4. Qh5 Nd6 5. Bb3 Nc6 6. Nb5 g6 7. Qf3 f5 8.
Qd5 Qe7 9. Nxc7+ Kd8 10. Nxa8 b6 11. d3 Bb7 12. Nxb6 axb6 13. Qf3 Nd4 14.
Qh3 Bg7 15. Ba4 Kc7 16. Qg3 Ra8 17. Bg5 Qe8 18. Bb3 Nxb3 19. cxb3 h6 20.
Rc1+ Kb8 21. Bd2 Rxa2 22. Bb4 Nb5 23. Ne2 Rxb2 24. Rg1 Rxb3 25. Bd2 d6 26.
Qe3 Qd8 27. Qg3 e4 28. Qxg6 Bb2 29. Rc4 Rxd3 30. Qxf5 d5 31. Rc2 Ba3 32. Qe6
Bd6 33. Qxh6 Na3 34. Rc1 Ba6 35. Bf4 Bxf4 36. Nxf4 Rb3 37. Qc6 Qg5 38. Nxd5
{Black resigns}
1-0

[Event "GambitGuide"]
[Site "Internet Chess Club"]
[Date "2014.10.31"]
[Round "1"]
[White "JSBach"]
[Black "Darienor"]
[Result "1/2-1/2"]
[ICCResult "Game drawn by repetition"]
[WhiteElo "1668"]
[BlackElo "2708"]
[Opening "Vienna: `Frankenstein-Dracula' variation"]
[ECO "C27"]
[NIC "VG.02"]
[Time "06:42:08"]
[TimeControl "120+12"]

1. e4 e5 2. Nc3 Nf6 3. Bc4 Nxe4 4. Qh5 Nd6 5. Bb3 Nc6 6. Nb5 g6 7. Qf3 f5 8.
Qd5 Qe7 9. Nxc7+ Kd8 10. Nxa8 b6 11. d3 Bb7 12. Nxb6 axb6 13. Qf3 Nd4 14.
Qg3 Bg7 15. Bg5 Bf6 16. Bxf6 Qxf6 17. Ba4 f4 18. Qg4 b5 19. Bb3 h5 20. Qh3
g5 21. f3 N6f5 22. c3 Ne3 23. cxd4 g4 24. fxg4 Bxg2 25. g5 Qg6 26. Qh4 Qxd3
27. g6+ Kc7 28. Rc1+ Kb6 29. Qf6+ Bc6 30. Rxc6+ dxc6 31. Qxh8 Ng2+ 32. Kf2
Qd2+ 33. Ne2 Qe3+ 34. Kxg2 Qxe2+ 35. Kg1 Qe1+ 36. Kg2 Qe2+ 37. Kg1 Qe1+ 38.
Kg2 Qe2+ 39. Kg1 Qe1+ 40. Kg2 Qe2+ 41. Kg1 {Game drawn by repetition}
1/2-1/2

[Event "GambitGuide"]
[Site "Internet Chess Club"]
[Date "2014.10.31"]
[Round "1"]
[White "JSBach"]
[Black "boney1"]
[Result "0-1"]
[ICCResult "White checkmated"]
[WhiteElo "1668"]
[BlackElo "2028"]
[Opening "Vienna: `Frankenstein-Dracula' variation"]
[ECO "C27"]
[NIC "VG.02"]
[Time "06:44:28"]
[TimeControl "120+12"]

1. e4 e5 2. Nc3 Nf6 3. Bc4 Nxe4 4. Qh5 Nd6 5. Bb3 Nc6 6. Nb5 g6 7. Qf3 f5 8.
Qd5 Qe7 9. Nxc7+ Kd8 10. Nxa8 b6 11. d3 Nb4 12. Qf3 Bb7 13. Qe3 Bxg2 14. a3
Nc6 15. Bd5 Bxd5 16. f3 Nd4 17. Kd1 Bxa8 18. Qf2 Bg7 19. Qg3 e4 20. fxe4
fxe4 21. Bg5 Bf6 22. Bf4 N6f5 23. Qg2 Bc6 24. Ne2 exd3 25. Nxd4 Bxg2 26. Re1
Qc5 27. cxd3 Nxd4 28. Re3 Qc2+ 29. Ke1 Bh4+ 30. Bg3 Bxg3+ 31. hxg3 Re8 32.
Rxe8+ Kxe8 33. Rd1 Qe2# {White checkmated} 0-1

[Event "GambitGuide"]
[Site "Internet Chess Club"]
[Date "2014.10.31"]
[Round "1"]
[White "JSBach"]
[Black "leonardoalmeida"]
[Result "1-0"]
[ICCResult "Black resigns"]
[WhiteElo "1668"]
[BlackElo "1788"]
[Opening "Vienna: `Frankenstein-Dracula' variation"]
[ECO "C27"]
[NIC "VG.02"]
[Time "06:43:26"]
[TimeControl "120+12"]

1. e4 e5 2. Nc3 Nf6 3. Bc4 Nxe4 4. Qh5 Nd6 5. Bb3 Nc6 6. Nb5 g6 7. Qf3 f5 8.
Qd5 Qe7 9. Nxc7+ Kd8 10. Nxa8 b6 11. d3 Bb7 12. Nxb6 axb6 13. Qf3 e4 14. Qe3
Bg7 15. Qxb6+ Kc8 16. Ne2 exd3 17. cxd3 Qd8 18. Qxd8+ Rxd8 19. Bf4 Be5 20.
Bg5 Re8 21. Rc1 Kb8 22. Bd5 Bxb2 23. Rb1 Be5 24. a4 Bc3+ 25. Kf1 Ba5 26. Bf4
Bc7 27. Rb2 Kc8 28. Bb3 Ba6 29. Bc2 Nb7 30. Bg5 Nc5 31. Nc1 Nd4 32. Bb1 Nxa4
33. Rb4 Ne6 34. Rxa4 {Black resigns} 1-0

[Event "GambitGuide"]
[Site "Internet Chess Club"]
[Date "2014.10.31"]
[Round "1"]
[White "JSBach"]
[Black "Noctilux"]
[Result "1/2-1/2"]
[ICCResult "Game drawn by repetition"]
[WhiteElo "1668"]
[BlackElo "1455"]
[Opening "Vienna: `Frankenstein-Dracula' variation"]
[ECO "C27"]
[NIC "VG.02"]
[Time "06:42:04"]
[TimeControl "120+12"]

1. e4 e5 2. Nc3 Nf6 3. Bc4 Nxe4 4. Qh5 Nd6 5. Bb3 Nc6 6. Nb5 g6 7. Qf3 f5 8.
Qd5 Qe7 9. Nxc7+ Kd8 10. Nxa8 b6 11. d3 Bb7 12. Nxb6 axb6 13. Qf3 Bg7 14.
Be3 Re8 15. Bxb6+ Kc8 16. Qd5 e4 17. Bc5 exd3+ 18. Kf1 d2 19. Qxd2 Be5 20.
Re1 Ba6+ 21. Ne2 Qf6 22. Qd5 Bd4 23. Bxd6 Ba7 24. c3 Qg5 25. c4 Qh4 26. Ng3
Rxe1+ 27. Kxe1 Bb7 28. Ba4 Qg4 29. Qg8+ Nd8 30. Be7 Bb6 31. f3 Qd4 32. Qxh7
Qf2+ 33. Kd1 Qd4+ 34. Kc1 Qxc4+ 35. Bc2 Be3+ 36. Kb1 Bd5 37. b3 Qc3 38. Qxg6
Bd4 39. Qa6+ Nb7 40. Qa8+ Kc7 41. Kc1 Be3+ 42. Kb1 Bd4 43. Kc1 Be3+ 44. Kb1
Bd4 45. Kc1 Be3+ 46. Kb1 {Game drawn by repetition} 1/2-1/2

[Event "GambitGuide"]
[Site "Internet Chess Club"]
[Date "2014.10.31"]
[Round "1"]
[White "JSBach"]
[Black "promptcorner"]
[Result "1-0"]
[ICCResult "Black resigns"]
[WhiteElo "1668"]
[BlackElo "1669"]
[Opening "Vienna: `Frankenstein-Dracula' variation"]
[ECO "C27"]
[NIC "VG.02"]
[Time "06:41:14"]
[TimeControl "120+12"]

1. e4 e5 2. Nc3 Nf6 3. Bc4 Nxe4 4. Qh5 Nd6 5. Bb3 Nc6 6. Nb5 g6 7. Qf3 f5 8.
Qd5 Qe7 9. Nxc7+ Kd8 10. Nxa8 b6 11. d3 e4 12. dxe4 Nxe4 13. Be3 f4 14. f3
Nf6 15. Qf7 Qxf7 16. Bxb6+ axb6 17. Bxf7 Bc5 18. Ne2 Bb7 19. Nxb6 Bxb6 20.
Nxf4 Rf8 21. Bd5 Re8+ 22. Kd1 Nxd5 23. Nxd5 Bd4 24. c3 Bg7 25. a4 Na5 26.
Nf4 Nc4 27. Rb1 Ne3+ 28. Kd2 g5 29. Nh5 Bh8 30. Rhg1 d5 31. Rbe1 Nc4+ 32.
Kc2 Ne3+ 33. Kd2 d4 34. cxd4 Bxd4 35. b3 Kd7 36. Nf6+ Bxf6 37. Rxe3 Rxe3 38.
Kxe3 Bd5 39. Rd1 Kc6 40. b4 Be7 41. b5+ Kd6 42. b6 Ke5 43. Re1 Bc5+ 44. Kd3+
Kd6 45. a5 Bb4 46. Ra1 Kc6 47. Rc1+ Kb5 48. Rc7 Bxa5 49. Rg7 Bxb6 50. Rxg5
Kc6 51. Rh5 Bg8 52. Re5 Bc7 53. Re8 Bf7 54. Rc8 Bg6+ 55. Kd2 Kd7 56. Ra8
Bxh2 57. Ke2 Bf4 58. Ra4 Bd6 59. Ra7+ Ke6 60. Rg7 Be5 61. Rb7 h5 62. Rb4 Bf5
63. Rc4 Kd5 64. Rh4 Bg6 65. Rb4 Bf6 66. Rb6 Ke5 67. g3 Bf7 68. f4+ Kf5 69.
Kd3 Bd5 70. Rb5 Ke6 71. Rb6+ Kf7 72. Rd6 Be6 73. Ke4 h4 74. f5 Bb3 75. g4 h3
76. Rd7+ Ke8 77. Rh7 Bd1 78. Kf4 Be7 79. Rxh3 Bd6+ 80. Kg5 Kf7 81. Rh7+ Kg8
82. Rd7 {Black resigns} 1-0